Selects Battlefield Espionage Battlegroup
Selects Sector Subterfuge Beacon
Construct Light Support Kompanie
Selects 250/3 Funkpanzerwagen
Construct Panzerarmee Kommand
Walking Stuka Rocket Launcher
Walking Stuka Rocket Launcher
Pak 38 Anti-tank Gun Team
Walking Stuka Rocket Launcher
Walking Stuka Rocket Launcher
Walking Stuka Rocket Launcher
Walking Stuka Rocket Launcher
Walking Stuka Rocket Launcher
Selects Anti-Tank Incendiary Munitions
Selects Operation Skorpion
Walking Stuka Rocket Launcher